Map: Ruins of Endion

Players

PtitDrogo

  • Race: Protoss Protoss
  • League: Grandmaster

LiquidTLO (TLO) - Winner!

  • Race: Zerg Zerg
  • League: Grandmaster

VOD

Have the link to the VOD?

Description

Time

  • Played on: July 4, 2016, 12:22 p.m.
  • Length: 12:26
Show
View Real Time Build Order
Export as new Build Order

PtitDrogo Protoss 

Build Orders: 1 Gate Expand 

Get SALT Encoding   

  12  0:01  Probe (Chrono Boost)  
  13  0:11  Probe (Chrono Boost)  
  14  0:17  Pylon  
  14  0:22  Probe (Chrono Boost)  
  15  0:36  Gateway, Probe (Chrono Boost)  
  15  0:41  Assimilator  
  16  0:46  Probe (Chrono Boost)  
  18  0:57  Probe (Chrono Boost)  
  18  1:07  Probe (Chrono Boost)  
  19  1:19  Nexus  
  19  1:23  Probe (Chrono Boost)  
  20  1:32  Cybernetics Core  
  20  1:35  Probe (Chrono Boost)  
  21  1:43  Assimilator  
  21  1:45  Probe (Chrono Boost)  
  22  1:53  Pylon  
  22  1:56  Probe (Chrono Boost)  
  23  2:11  Mothership Core (Chrono Boost)  
  25  2:18  Stalker (Chrono Boost)  
  27  2:26  Warp Gate  
  27  2:29  Probe  
  27  2:31  Probe  
  29  2:40  Probe  
  29  2:43  Probe  
  31  2:51  Sentry (Chrono Boost), Probe  
  33  2:55  Probe (Chrono Boost)  
  35  2:59  Pylon  
  35  3:02  Probe (Chrono Boost)  
  36  3:07  Probe (Chrono Boost)  
  37  3:13  Probe (Chrono Boost)  
  37  3:16  Sentry  
  37  3:18  Probe (Chrono Boost)  
  41  3:24  Probe (Chrono Boost)  
  41  3:25  Nexus  
  42  3:28  Probe (Chrono Boost)  
  43  3:35  Gateway, Probe (Chrono Boost)  
  43  3:37  Gateway  
  43  3:39  Probe (Chrono Boost)  
  45  3:46  Probe (Chrono Boost)  
  46  3:49  Probe (Chrono Boost)  
  47  3:56  Probe (Chrono Boost)  
  47  3:58  Twilight Council  
  47  3:59  Forge  
  47  4:01  Probe (Chrono Boost)  
  49  4:04  Robotics Facility  
  49  4:07  Probe (Chrono Boost)  
  49  4:09  Phoenix  
  50  4:12  Probe (Chrono Boost)  
  50  4:15  Pylon  
  50  4:16  Assimilator  
  51  4:17  Probe (Chrono Boost)  
  51  4:22  Protoss Ground Weapons Level 1, Probe (Chrono Boost)  
  53  4:24  Blink (Chrono Boost)  
  53  4:28  Probe (Chrono Boost)  
  53  4:31  Assimilator  
  54  4:33  Probe (Chrono Boost)  
  56  4:38  Probe  
  56  4:39  Pylon  
  56  4:40  Probe  
  56  4:45  Probe  
  58  4:47  Sentry  
  58  4:50  Probe  
  58  4:51  Probe  
  62  4:54  Warp Prism (Chrono Boost)  
  62  4:57  Probe  
  65  5:02  Gateway, Probe  
  65  5:03  Gateway  
  65  5:06  Gateway  
  66  5:10  Gateway  
  66  5:15  Gateway  
  66  5:16  Sentry  
  66  5:19  Probe x2  
  70  5:22  Probe  
  71  5:29  Observer (Chrono Boost)  
  71  5:31  Gateway, Probe  
  71  5:32  Probe  
  71  5:33  Pylon  
  71  5:35  Pylon  
  74  5:44  Stalker x3  
  80  6:01  Pylon, Stalker x3  
  86  6:04  Pylon  
  86  6:09  Stalker x4  
  94  6:16  Probe  
  95  6:21  Protoss Ground Weapons Level 2  
  93  6:26  Charge  
  93  6:30  Immortal (Chrono Boost), Probe x2  
  99  6:41  Zealot x7  
  113  6:50  Stalker x2  
  117  6:56  Pylon  
  117  6:59  Pylon  
  117  7:12  Pylon  
  117  7:14  Assimilator  
  121  7:15  Immortal (Chrono Boost)  
  121  7:16  Assimilator, Zealot x2  
  121  7:17  Zealot  
  121  7:18  Zealot x3  
  133  7:23  Templar Archives  
  133  7:30  Probe x3  
  133  7:31  Zealot x2  
  133  7:35  Pylon  
  140  7:39  Pylon  
  140  7:42  Probe  
  141  7:54  Zealot x2  
  141  7:58  Pylon  
  145  8:00  Pylon  
  145  8:04  Zealot x4  
  157  8:17  Zealot x5  
  165  8:21  Pylon  
  165  8:23  Pylon  
  165  8:25  High Templar x4, Pylon  
  173  8:27  Pylon  
  173  8:29  Archon x2  
  104  8:54  Zealot x4  
  104  8:55  Probe  
  92  8:59  Probe  
  92  9:00  Probe  
  86  9:08  Immortal (Chrono Boost)  
  74  9:10  Zealot  
  74  9:11  Zealot x2  
  63  9:17  Probe  
  63  9:18  Probe x2  
  63  9:19  Pylon  
  58  9:29  Probe  
  58  9:30  Probe x2  
  61  9:31  High Templar x4  
  61  9:32  High Templar x2  
  71  9:39  Archon x3  
  71  9:42  Immortal (Chrono Boost), Probe x2  
  71  9:45  Robotics Facility, Probe  
  77  9:52  Zealot  
  80  9:54  Probe  
  80  9:56  Probe  
  80  9:58  Probe  
  83  10:04  High Templar  
  83  10:05  High Templar  
  83  10:06  Probe  
  88  10:08  Probe, Zealot x2  
  88  10:09  Archon  
  88  10:10  Probe  
  88  10:11  Zealot x2  
  88  10:13  Zealot  
  100  10:18  Probe  
  100  10:20  Probe  
  102  10:22  Probe  
  103  10:30  Probe  
  103  10:34  Immortal (Chrono Boost)  
  84  10:48  High Templar x2  
  84  10:49  Zealot x5  
  94  10:54  Dark Shrine  
  94  10:57  Archon  
  94  11:01  Mothership Core  
  94  11:03  Immortal (Chrono Boost)  
  100  11:12  Zealot x3  
  106  11:22  Stalker x2  
  106  11:23  Stalker  
  108  11:40  Observer  
  108  11:44  Zealot x4  
  111  11:47  Zealot x3  
  73  12:04  High Templar x2  
  73  12:05  High Templar  
  73  12:06  High Templar  
  73  12:08  Zealot x3  
  84  12:10  Archon x2  
Show
View Real Time Build Order
Export as new Build Order

LiquidTLO Zerg - Winner!

Build Orders: Hatch First, Lurkers 

Get SALT Encoding   

  12  0:01  Drone  
  13  0:13  Overlord  
  13  0:17  Drone  
  14  0:32  Drone x2  
  16  0:49  Hatchery  
  15  0:53  Drone  
  15  0:56  Drone  
  17  1:09  Spawning Pool  
  16  1:13  Drone  
  16  1:17  Drone  
  18  1:24  Extractor  
  17  1:29  Drone  
  18  1:36  Drone  
  19  1:43  Overlord  
  19  1:54  Hatchery  
  19  1:56  Zergling x2  
  19  2:05  Queen  
  21  2:10  Drone  
  21  2:13  Drone  
  21  2:15  Drone  
  24  2:17  Drone  
  25  2:23  Zergling x2  
  25  2:26  Drone  
  27  2:33  Queen  
  29  2:37  Drone  
  29  2:41  Overlord  
  30  2:45  Drone x2  
  32  2:53  Queen  
  32  2:55  Drone  
  35  3:00  Drone  
  36  3:06  Pneumatized Carapace  
  36  3:08  Drone x2  
  36  3:09  Drone  
  39  3:14  Drone  
  39  3:15  Drone  
  39  3:19  Drone  
  42  3:23  Overlord  
  42  3:28  Drone x4  
  42  3:29  Extractor, Drone  
  46  3:38  Overlord  
  46  3:39  Drone  
  47  3:42  Overlord  
  47  3:43  Drone  
  47  3:45  Drone  
  47  3:46  Drone x2  
  47  3:48  Drone  
  52  3:50  Drone  
  52  3:52  Drone x2  
  55  3:59  Evolution Chamber  
  54  4:03  Drone x2, Lair  
  54  4:07  Drone  
  54  4:09  Drone  
  59  4:10  Drone x2  
  59  4:11  Drone  
  61  4:19  Roach Warren, Drone  
  61  4:20  Drone  
  61  4:21  Spine Crawler  
  61  4:22  Extractor, Drone  
  61  4:25  Drone x2  
  61  4:27  Drone  
  61  4:29  Drone  
  61  4:31  Zerg Missile Weapons Level 1  
  65  4:32  Drone  
  65  4:34  Drone  
  65  4:35  Extractor, Drone  
  65  4:37  Drone x2  
  69  4:39  Drone  
  69  4:40  Drone  
  69  4:45  Drone  
  72  4:48  Drone  
  72  4:51  Overlord x2  
  72  4:52  Extractor x2  
  71  4:55  Overlord  
  71  4:56  Overlord, Evolution Chamber  
  70  5:03  Glial Reconstitution, Hydralisk Den  
  70  5:04  Drone  
  70  5:05  Overlord  
  70  5:06  Drone x2  
  72  5:08  Roach  
  72  5:11  Roach x2  
  78  5:16  Roach  
  78  5:17  Roach x3  
  78  5:20  Roach  
  89  5:22  Roach  
  89  5:23  Roach  
  89  5:25  Roach  
  89  5:27  Roach  
  97  5:28  Roach  
  97  5:30  Overlord  
  97  5:34  Overlord  
  99  5:37  Ravager  
  99  5:39  Roach x2  
  99  5:40  Overseer  
  99  5:41  Roach  
  106  5:43  Lurker Den  
  106  5:46  Roach  
  108  5:50  Ravager  
  108  5:51  Zergling x4  
  111  5:59  Ravager x2  
  111  6:00  Zergling x2  
  111  6:03  Spine Crawler x2  
  112  6:04  Overlord  
  112  6:05  Roach  
  112  6:07  Overlord  
  112  6:09  Ravager  
  112  6:11  Roach  
  117  6:16  Ravager  
  117  6:17  Roach  
  120  6:23  Roach  
  120  6:31  Overlord  
  120  6:32  Hydralisk, Zerg Missile Weapons Level 2  
  119  6:33  Hydralisk  
  119  6:36  Hydralisk x2  
  127  6:46  Overlord  
  127  6:50  Hydralisk x2  
  127  6:51  Hydralisk  
  127  6:53  Metabolic Boost  
  133  6:55  Zergling x2  
  133  6:56  Hydralisk  
  133  6:57  Overlord  
  133  6:58  Zergling x2  
  133  6:59  Zergling x4  
  133  7:00  Overlord  
  139  7:03  Hydralisk  
  139  7:04  Overlord  
  139  7:05  Hatchery  
  140  7:11  Hydralisk  
  140  7:12  Zergling x2  
  140  7:13  Queen x3  
  149  7:20  Drone  
  149  7:22  Overlord  
  150  7:23  Lurker x3  
  150  7:27  Zergling x2  
  150  7:28  Drone  
  155  7:34  Zergling x2, Drone  
  155  7:36  Lurker x2  
  159  7:42  Hydralisk x3  
  165  7:48  Queen  
  165  7:49  Queen  
  169  7:52  Queen  
  169  7:54  Drone x2  
  169  7:55  Lurker  
  169  7:56  Overlord, Zergling x4  
  169  7:57  Hydralisk  
  178  8:05  Overlord, Overseer  
  178  8:08  Zergling x2  
  178  8:09  Zergling x2  
  178  8:12  Overlord, Hydralisk  
  177  8:13  Hydralisk x2  
  177  8:14  Overlord  
  177  8:15  Overseer  
  177  8:18  Roach  
  177  8:19  Roach  
  185  8:21  Roach  
  185  8:22  Roach  
  185  8:26  Roach  
  182  8:27  Roach  
  182  8:32  Roach  
  182  8:33  Roach  
  180  8:36  Roach  
  180  8:37  Roach  
  180  8:39  Roach  
  141  8:49  Roach  
  141  8:50  Roach  
  141  8:51  Hydralisk x3  
  131  8:56  Hydralisk  
  131  8:59  Roach  
  131  9:02  Roach  
  133  9:03  Roach  
  129  9:11  Hydralisk  
  129  9:14  Hydralisk  
  122  9:17  Hydralisk  
  122  9:21  Zergling x2  
  122  9:22  Queen  
  122  9:23  Roach  
  122  9:24  Extractor x2, Roach  
  125  9:26  Roach x2  
  128  9:32  Queen, Drone  
  131  9:39  Drone  
  131  9:44  Lurker x2  
  134  9:50  Zergling x2  
  134  9:51  Zergling x6, Queen  
  140  9:53  Hatchery  
  140  9:56  Drone  
  140  9:57  Queen  
  140  9:58  Drone  
  140  9:59  Lurker x2  
  145  10:05  Drone  
  146  10:08  Lurker, Queen, Drone  
  146  10:10  Lurker  
  151  10:15  Drone  
  151  10:17  Drone  
  151  10:19  Muscular Augments  
  153  10:23  Drone  
  153  10:26  Queen  
  153  10:27  Roach x2  
  157  10:29  Roach  
  157  10:34  Roach  
  137  10:43  Hydralisk  
  137  10:45  Roach  
  137  10:46  Hydralisk  
  137  10:48  Hydralisk  
  143  10:53  Hydralisk x2  
  147  10:59  Roach  
  147  11:02  Hydralisk, Spine Crawler x2  
  147  11:03  Zergling x2  
  150  11:05  Hydralisk  
  150  11:07  Overseer  
  152  11:16  Hydralisk  
  152  11:17  Hydralisk  
  156  11:18  Hydralisk  
  156  11:19  Hydralisk  
  156  11:21  Hydralisk  
  156  11:25  Hydralisk  
  164  11:27  Hydralisk  
  164  11:29  Hydralisk  
  166  11:35  Hydralisk  
  166  11:36  Hydralisk  
  166  11:37  Hydralisk  
  169  11:42  Hydralisk  
  169  11:43  Zergling x2  
  169  11:44  Zergling x2  
  169  11:46  Hydralisk, Roach  
  173  11:51  Overseer  
  173  11:53  Hydralisk  
  162  11:57  Hydralisk  
  162  11:59  Roach x2  
  162  12:01  Roach  
Tags
 
Add a new tag
Caveats
  • Supply blocks, unpowered buildings, or Contaminate may cause inaccurate times.
  • Supply counts are checked every 10 seconds.